 Dungeon Crawl Stone Soup version 0.30.1-4-g462c640d31 (webtiles) character file.

Game seed: 14505933034775059659

37 lonewolfV2 the Trooper (level 3, -1/29 HPs)
             Began as a Demonspawn Berserker on Aug 28, 2023.
             Was a Believer of Trog.
             Slain by a goblin
             ... wielding a +0 club
             ... led by Robin
              (5 damage)
             ... on level 1 of the Dungeon.
             The game lasted 00:01:25 (1237 turns).

lonewolfV2 the Trooper (Demonspawn Berserker)       Turns: 1237, Time: 00:01:26

Health: -1/29      AC:  2    Str: 17    XL:     3   Next: 23%
Magic:  3/3        EV: 12    Int:  8    God:    Trog [**....]
Gold:   132        SH:  0    Dex: 14    Spells: 2/2 levels left

rFire   . . .        a - +0 hand axe
rCold   . . .        (no shield)
rNeg    . . .        b - +0 animal skin
rPois   .            (no helmet)
rElec   .            (no cloak)
rCorr   .            (no gloves)
SInv    .            (no boots)
Will    .....        (no amulet)
Stlth   +            (no ring)
HPRegen 0.24/turn    (no ring)
MPRegen 0.08/turn

%: no passive effects
@: no status effects
A: spiny 1
a: Renounce Religion, Berserk, Trog's Hand


You were on level 1 of the Dungeon.
You worshipped Trog.
Trog was pleased with you.
You visited 1 branch of the dungeon, and saw 2 of its levels.

You collected 132 gold pieces.

Inventory:

Hand Weapons
 a - a +0 hand axe (weapon)
Armour
 b - a +0 animal skin (worn)
Scrolls
 d - a scroll of fog {unknown}
 e - a scroll of enchant armour {unknown}
 j - a scroll of blinking {unknown}
 k - a scroll of identify
Potions
 c - a potion of might
 f - a potion of flight {unknown}
 g - a potion of haste {unknown}
 h - a potion of curing {unknown}
 i - a potion of ambrosia {unknown}


   Skills:
 + Level 3.6 Fighting
 + Level 3.3 Axes
 + Level 1.9 Armour
 + Level 2.0 Dodging


You had 2 spell levels left.
You didn't know any spells.
Your spell library was empty.

Dungeon Overview and Level Annotations

Branches:
Dungeon (2/15)

Altars:

Annotations:
D:2 Robin


Innate Abilities, Weirdness & Mutations

You are partially covered in sharp spines.


Message History

Trog accepts your kill.
A rat comes into view.
The goblin is struck by your spines.
You kill the goblin!
Trog accepts your kill. Robin throws the goblin at you!
You see here a +0 club.
The goblin attacks as you move away! The goblin hits you with a +0 club.
The goblin is struck by your spines. The goblin barely misses you.
The goblin closely misses you. The goblin is struck by your spines.
You kill the goblin!
Trog accepts your kill. Robin throws the goblin at you!
The goblin hits you with a +0 dagger. The hobgoblin hits you.
The goblin is struck by your spines.
You kill the goblin!
Trog accepts your kill. The goblin is struck by your spines.
You kill the goblin!
Trog accepts your kill. The hobgoblin attacks as you move away!
The hobgoblin barely misses you. The hobgoblin hits you.
The goblin barely misses you.
There is a stone staircase leading up here.
The hobgoblin barely misses you. The goblin is struck by your spines.
The goblin misses you. The goblin is struck by your spines.
The goblin hits you with a +0 club.
* * * LOW HITPOINT WARNING * * *
You climb upwards.
There is a stone staircase leading down here.
You hit the goblin.
The goblin is severely wounded.
You barely miss the hobgoblin. You barely miss the goblin.
The goblin is struck by your spines.
You kill the goblin!
Trog accepts your kill. The hobgoblin hits you.
* * * LOW HITPOINT WARNING * * *
The goblin hits you with a +0 club.
You die...

#....#...# #.#
##.###.##.# #.#
#########...##.##.#
#.#
..........#.......#
#.#
##.#.####...#..##.#
#.# .....#
##.##.###.# #.#
##.###
#.##.###.###.# ...#
#.##..g).)...# ####
#......@g#####
####.#####
##########.#
#..........#
####.##########
.....# ######


You could see a hobgoblin (strong) and a goblin (strong).

Vanquished Creatures
  An endoplasm (D:2)
  2 giant cockroaches (D:2)
  13 goblins
  A hobgoblin (D:1)
  2 jackals (D:1)
  A quokka (D:1)
  3 ball pythons (D:1)
  3 bats (D:2)
  3 frilled lizards
  4 kobolds
  4 rats
37 creatures vanquished.

Notes
Turn   | Place    | Note
-------+----------+-------------------------------------------
     0 | D:1      | lonewolfV2 the Demonspawn Berserker began the quest for the
                  | Orb.
     0 | D:1      | Reached XP level 1. HP: 18/18 MP: 1/1
   386 | D:1      | Gained mutation: You are partially covered in sharp spines.
                  | [demonic ancestry]
   386 | D:1      | Reached XP level 2. HP: 19/24 MP: 2/2
  1161 | D:2      | Reached ** piety under Trog
  1190 | D:2      | Reached XP level 3. HP: 29/29 MP: 3/3
  1225 | D:2      | Noticed Robin
  1237 | D:1      | Slain by a goblin

Illustrated notes

Levels and vault maps discovered:
D:1:      ncdulo_lavacross, layout_loops_ring
D:2:      layout_basic, cheibrodos_gnoll_hut, uniq_robin, uniq_terence

Skill      XL: |  1  2  3 |
---------------+----------+-----
Axes           | 3 |  3.3
Dodging        | 2 |  2.0
Fighting       | |  3.6
Armour         | |  1.9

Action                     || total
---------------------------++-------
  Melee: Hand axe          ||    52
    Use: Scroll            ||     2
   Stab: Sleeping          ||     1
 Armour: Animal skin       ||     6
  Dodge: Dodged            ||    35
